 Dungeon Crawl Stone Soup version 0.30-a0-373-gd37427bb62 (webtiles) character file.

Game seed: 11286658280102385499

3373 kiwi3s the Severer (level 9, 0/79 HPs)
             Began as a Minotaur Berserker on Nov 23, 2022.
             Was an Elder of Trog.
             Killed from afar by a centaur (9 damage)
             ... with a bolt of acid
             ... on level 7 of the Dungeon.
             The game lasted 00:08:41 (5031 turns).

kiwi3s the Severer (Minotaur Berserker)             Turns: 5031, Time: 00:08:49

Health: 0/79       AC:  5    Str: 26    XL:     9   Next: 74%
Magic:  8/8        EV: 12    Int:  4    God:    Trog [****..]
Gold:   350        SH:  4    Dex: 10    Spells: 8/8 levels left

rFire   . . .      SeeInvis .    a - +0 hand axe
rCold   . . .      Faith    .    v - +0 buckler
rNeg    . . .      Spirit   .    u - +0 chain mail
rPois   .          Reflect  .    (helmet restricted)
rElec   .          Harm     .    (no cloak)
rCorr   .          Rampage  .    r - +0 pair of gloves
Will    .....                    (no boots)
Stlth   ..........               (no amulet)
HPRegen 0.33/turn                e - +4 ring of evasion
MPRegen 0.11/turn                (no ring)

@: corroded, on berserk cooldown, slowed, very slow
A: horns 2, retaliatory headbutt
a: Renounce Religion, Berserk, Trog's Hand, Brothers in Arms


You were on level 7 of the Dungeon.
You worshipped Trog.
Trog was greatly pleased with you.
You visited 1 branch of the dungeon, and saw 7 of its levels.

You collected 350 gold pieces.

Inventory:

Hand Weapons
 a - a +0 hand axe (weapon)
Missiles
 h - 10 boomerangs
 D - 3 boomerangs of dispersal (quivered)
Armour
 r - a +0 pair of gloves (worn)
 u - a +0 chain mail (worn)
 v - a +0 buckler (worn)
Jewellery
 e - a +4 ring of evasion (left hand)
Wands
 w - a wand of mindburst (28)
 x - a wand of flame (9)
 E - a wand of acid (16)
Scrolls
 c - a scroll of immolation {unknown}
 g - 2 scrolls of identify
 j - 3 scrolls of butterflies {unknown}
 k - a scroll of enchant weapon {unknown}
 l - a scroll of teleportation
 m - 2 scrolls of enchant armour {unknown}
 p - 4 scrolls of noise
 q - a scroll of fear {unknown}
 s - a scroll of silence {unknown}
 y - a scroll of torment {unknown}
 B - 3 scrolls of poison {unknown}
 F - a scroll of blinking {unknown}
 G - a scroll of magic mapping {unknown}
 H - 3 scrolls of vulnerability {unknown}
Potions
 b - 2 potions of lignification {unknown}
 d - 2 potions of flight {unknown}
 f - a potion of ambrosia {unknown}
 i - 2 potions of heal wounds {unknown}
 n - a potion of degeneration {unknown}
 o - 2 potions of berserk rage {unknown}
 t - a potion of cancellation {unknown}
 z - 6 potions of curing {unknown}
 A - a potion of mutation {unknown}
 C - a potion of brilliance {unknown}


   Skills:
 + Level 7.1 Fighting
 - Level 15.0 Axes
 - Level 2.4 Armour
 + Level 2.8 Dodging
 + Level 2.8 Shields


You had 8 spell levels left.
You didn't know any spells.
Your spell library was empty.

Dungeon Overview and Level Annotations

Branches:
Dungeon (7/15)             Temple (0/1) D:6

Altars:
Ashenzari
Cheibriados
Elyvilon
Gozag
Kikubaaqudgha
Okawaru
Qazlal
Trog
Xom
Yredelemnul


Innate Abilities, Weirdness & Mutations

You have a pair of horns on your head.
You reflexively headbutt those who attack you in melee.


Message History

The iguana bites you but does no damage.
You slash the iguana!
You kill the iguana!
Trog accepts your kill.
Unknown command.
You start resting.
A centaur is nearby!
You start resting.
A white imp comes into view.
The centaur shouts!
The centaur wields a +0 shortbow.
The centaur shoots an arrow.
The arrow hits you.
* * * LOW HITPOINT WARNING * * *
You're still recovering from your berserk rage.
The centaur unwields a +0 shortbow.
You block the centaur's attack. x2
The centaur zaps a wand.
The bolt of acid hits you!
* * * LOW HITPOINT WARNING * * *
The acid corrodes you!
You barely miss the centaur.
The centaur hits you but does no damage.
The centaur kicks you but does no damage.
You block the centaur's attack. x2
Unknown command.
You are too injured to fight recklessly!
You hit the centaur but do no damage. Your headbutt misses the centaur.
The centaur closely misses you. You furiously retaliate!
You headbutt the centaur! The centaur misses you.
You block the centaur's attack. The centaur misses you.
Throw: 4 boomerangs (disperse)
Press: ? - help, Q - select action, (/) - cycle Shift-Dir - straight line, f - centaur
Aim: a centaur, carrying a wand of acid (5) (heavily wounded, 70% to hit)
You throw a boomerang of dispersal.
The boomerang of dispersal hits the centaur.
The centaur blinks!
The centaur is severely wounded.
The centaur zaps a wand.
The bolt of acid hits the white imp!!
The acid corrodes the white imp!
The white imp dies!
The bolt of acid hits you!
You die...

#...# ##... .....
# ...## c# .... #.
.. #..# #.#. #..#
#.c###..# #.§@..#
#.#...####
###.......... #
#5..###..##... #.#
#.#.# #..# ##
##...###...##...#
.......§.........
#######).........#
#.............#..#


You could see a centaur.

Vanquished Creatures
  Pikel (D:7)
  Joseph (D:7)
  Grinder (D:3)
  Eustachio (D:4)
  An ice beast (D:6)
  A sky beast (D:7)
  3 black bears
  2 lemures (D:7)
  4 phantoms
  A kobold brigand (D:6)
  A bullfrog (D:5)
  2 scorpions (D:5)
  9 wights
  2 jellies
  2 howler monkeys
  5 hounds
  2 orc priests
  An iron imp (D:6)
  Terence (D:3)
  3 iguanas
  Natasha (thrice) (D:3)
  Ijyb (D:3)
  2 orc wizards
  8 adders
  A shadow imp (D:5)
  An ufetubus (D:5)
  17 orcs
  11 endoplasms
  3 giant cockroaches
  5 hobgoblins
  3 quokkas
  5 ball pythons
  6 bats
  3 frilled lizards
  11 goblins
  9 kobolds
  4 rats
  A spectral kobold (D:1)
  A spectral orc (D:3)
139 creatures vanquished.

Vanquished Creatures (others)
  A white imp (D:7)
1 creature vanquished.

Grand Total: 140 creatures vanquished

Notes
Turn   | Place    | Note
-------+----------+-------------------------------------------
     0 | D:1      | kiwi3s the Minotaur Berserker began the quest for the Orb.
     0 | D:1      | Reached XP level 1. HP: 19/19 MP: 0/0
    85 | D:1      | Reached skill level 4 in Axes
   266 | D:1      | Found a faded altar of an unknown god.
   273 | D:1      | Reached XP level 2. HP: 26/26 MP: 1/1
   823 | D:2      | Reached ** piety under Trog
   824 | D:2      | Reached skill level 5 in Axes
   916 | D:2      | Reached XP level 3. HP: 31/31 MP: 2/2
  1572 | D:3      | Noticed Ijyb
  1580 | D:3      | Noticed Natasha
  1602 | D:3      | Killed Ijyb
  1602 | D:3      | Killed Natasha
  1603 | D:3      | Reached skill level 6 in Axes
  1603 | D:3      | Reached XP level 4. HP: 39/39 MP: 3/3
  1649 | D:3      | Noticed Natasha
  1656 | D:3      | Killed Natasha
  1729 | D:3      | Reached XP level 5. HP: 40/45 MP: 4/4
  1775 | D:3      | Noticed Terence
  1783 | D:3      | Killed Terence
  1784 | D:3      | Reached skill level 7 in Axes
  1861 | D:3      | Noticed Grinder
  1868 | D:3      | Killed Grinder
  1869 | D:3      | Reached skill level 8 in Axes
  1869 | D:3      | Reached XP level 6. HP: 51/51 MP: 5/5
  1986 | D:3      | Noticed Natasha
  1992 | D:3      | Killed Natasha
  2137 | D:3      | Found a white marble altar of Elyvilon.
  2196 | D:3      | Reached skill level 9 in Axes
  2353 | D:3      | Found a basalt altar of Yredelemnul.
  2540 | D:4      | Found a stormy altar of Qazlal.
  2572 | D:4      | Found a bloodstained altar of Trog.
  2666 | D:4      | Reached XP level 7. HP: 57/57 MP: 6/6
  2666 | D:4      | Reached *** piety under Trog
  2670 | D:4      | Reached skill level 10 in Axes
  2719 | D:4      | Noticed Eustachio
  2743 | D:4      | Killed Eustachio
  2744 | D:4      | Reached skill level 11 in Axes
  3113 | D:5      | Entered Level 5 of the Dungeon
  3150 | D:5      | Reached XP level 8. HP: 49/64 MP: 7/7
  3263 | D:5      | Reached skill level 12 in Axes
  3359 | D:5      | Found a shimmering altar of Xom.
  3835 | D:6      | Found an ancient bone altar of Kikubaaqudgha.
  3838 | D:6      | Reached skill level 13 in Axes
  3951 | D:6      | Found a staircase to the Ecumenical Temple.
  4120 | D:6      | Reached skill level 14 in Axes
  4143 | D:6      | Found a broken altar of Ashenzari.
  4256 | D:6      | Found a snail-covered altar of Cheibriados.
  4269 | D:6      | Reached XP level 9. HP: 69/70 MP: 8/8
  4359 | D:6      | Found an iron altar of Okawaru.
  4503 | D:6      | Found an opulent altar of Gozag.
  4601 | D:7      | Reached **** piety under Trog
  4745 | D:7      | Reached skill level 15 in Axes
  4817 | D:7      | Noticed Pikel
  4841 | D:7      | Killed Pikel
  4842 | D:7      | Reached skill level 5 in Fighting
  4952 | D:7      | Noticed Joseph
  5000 | D:7      | Killed Joseph
  5031 | D:7      | Killed from afar by a centaur

Illustrated notes

Levels and vault maps discovered:
D:1:      minmay_arrival_jagged, layout_loops_cross,
          dreamdust_ecumenical_altar_drowned_temple, serial_park_tiny_2
D:2:      layout_loops_ring, minmay_tall_x
D:3:      layout_loops_ring, yredelemnul_forgotten_temple_becter,
          elyvilon_altar_5, uniq_terence, uniq_ijyb, uniq_natasha, uniq_grinder
D:4:      layout_loops_ring, mainiacjoe_overflow_surrounded_room,
          lemuel_doored_altar, uniq_eustachio
D:5:      layout_basic, mainiacjoe_overflow_small_starburst
D:6:      layout_rooms, kennysheep_okawaru_gauntlet,
          mainiacjoe_overflow_alcove_4, slow_altar_1, old_standard_altar,
          evilmike_ruin_ashenzari, minmay_temple_entry_glass, minmay_between
D:7:      layout_basic, zin_statuary, minmay_starry_boxes, uniq_pikel,
          uniq_joseph, uniq_menkaure

Skill      XL: |  1  2  3  4  5  6  7  8  9 |
---------------+----------------------------+-----
Axes           | 4 5 6 8 9 11 14 15 | 15.0
Fighting       | 7 |  7.1
Shields        | 2 |  2.8
Armour         | |  2.4
Dodging        | |  2.8

Action                   |  1- 3 |  4- 6 |  7- 9 || total
-------------------------+-------+-------+-------++-------
Melee: Hand axe          |    78 |    76 |   254 ||   408
       Headbutt          |    11 |    10 |    43 ||    64
Throw: Boomerang         |     4 |     1 |     9 ||    14
Invok: Berserk           |     1 |     3 |     1 ||     5
       Trog's Hand       |     1 |       |       ||     1
  Use: Scroll            |       |       |     2 ||     2
 Stab: Sleeping          |     1 |       |       ||     1
Armor: Animal skin       |    16 |       |       ||    16
       Chain mail        |     8 |    33 |    81 ||   122
Dodge: Dodged            |    37 |    20 |   105 ||   162
Block: Buckler           |     4 |     7 |    33 ||    44

Table legend: (Time is in decaauts)
 A = Elapsed time spent in this place.
 B = Non-inter-level travel time spent in this place.
 C = Inter-level travel time spent in this place.
 D = Time resting spent in this place.
 E = Time spent auto-exploring this place.
 F = Levels seen in this place.
 G = Mean time per level.
                   A        B        C        D        E       F      G
               +--------+--------+--------+--------+--------+-----+--------+
         Total |   4998 |   4807 |    191 |    255 |   3757 |   7 |  714.0 |
       Dungeon |   4998 |   4807 |    191 |    255 |   3757 |   7 |  714.0 |
               +--------+--------+--------+--------+--------+-----+--------+

Top non-repeatable levels by time:
     D:3: 883 daAuts
     D:2: 838 daAuts
     D:6: 736 daAuts
     D:1: 728 daAuts
     D:5: 696 daAuts
     D:4: 689 daAuts
     D:7: 426 daAuts
